 Dungeon Crawl Stone Soup version 0.24-a0-312-g16217b4 (webtiles) character file.

Game seed: 9448683124074322584

108 Inarius the Shooter (level 4, 0/33 HPs)
             Began as a Demonspawn Hunter on May 15, 2019.
             Slain by an orc (2 damage)
             ... on level 3 of the Dungeon.
             The game lasted 00:03:56 (2578 turns).

Inarius the Shooter (Demonspawn Hunter)             Turns: 2578, Time: 00:03:56

Health: 0/33       AC:  6    Str: 12    XL:     4   Next: 58%
Magic:  2/4        EV: 11    Int: 13    God:
Gold:   74         SH:  0    Dex: 14    Spells: 3/3 levels left

rFire    . . .     SeeInvis .   a - +1 shortbow
rCold    . . .     Gourm    .   (shield currently unavailable)
rNeg     . . .     Faith    .   l - +0 ring mail
rPois    .         Spirit   .   (helmet restricted)
rElec    .         Reflect  .   (no cloak)
rCorr    .         Harm     .   c - +0 pair of gloves
MR       .....                  (no boots)
Stlth    +.........             (no amulet)
HPRegen  0.11/turn              m - ring of wizardry
MPRegen  0.09/turn              (no ring)

@: no status effects
A: antennae 1, talons 1
a: no special abilities


You were on level 3 of the Dungeon.
You were not hungry.

You visited 1 branch of the dungeon, and saw 3 of its levels.

You collected 74 gold pieces.

Inventory:

Hand Weapons
 a - a +1 shortbow (weapon)
 b - a +0 antimagic dagger
Missiles
 d - 21 arrows (quivered)
Armour
 c - a +0 pair of gloves (worn)
 l - a +0 ring mail (worn)
Jewellery
 m - a ring of wizardry (left hand)
Scrolls
 g - 4 scrolls of teleportation
 k - a scroll of fog
Potions
 e - 2 potions of curing {unknown}
 h - 2 potions of heal wounds {unknown}
 i - 3 potions of lignification {unknown}
 n - a potion of cancellation {unknown}
Comestibles
 f - 2 rations


   Skills:
 + Level 2.2 Fighting
 + Level 0.5 Short Blades
 * Level 4.8 Bows
 + Level 1.4 Armour
 + Level 2.1 Dodging
 - Level 0.8 Stealth


You had 3 spell levels left.
You didn't know any spells.
Your spell library was empty.

Dungeon Overview and Level Annotations

Branches:
Dungeon (3/15)

Altars:


Innate Abilities, Weirdness & Mutations

You have a pair of small antennae on your head.
You have sharp toenails.


Message History

The arrow hits the orc but does no damage.
The orc is almost dead.
The orc barely misses you.
Firing (i - inventory)
d - 23 arrows (quivered)
Press: ? - help, Shift-Dir - straight line, f/p - orc
Aim: an orc, wearing a +0 scale mail (lightly wounded)
You shoot an arrow.
The arrow hits the orc but does no damage.
The orc is lightly wounded.
The orc hits you but does no damage.
The orc priest invokes the aid of Beogh against you.
Beogh smites you!
* * * LOW HITPOINT WARNING * * *
Firing (i - inventory)
d - 22 arrows (quivered)
Press: ? - help, Shift-Dir - straight line, f/p - orc
Aim: an orc, wearing a +0 scale mail (lightly wounded)
You shoot an arrow. The arrow hits the orc.
The orc is almost dead.
The orc hits you.
You die...

###### .....# ...[.#
.....# ####.....##
...###########.........#
.......@ooo..(.###......
...###########..........
#.###...... ... ..o.
..## o. .... . .#.. ..


You could see an orc priest and 2 orcs.

Vanquished Creatures
  5 adders
  2 worms (D:2)
  A dart slug (D:1)
  A leopard gecko (D:1)
  2 orcs (D:3)
  5 bats
  2 giant cockroaches (D:2)
  6 goblins
  7 hobgoblins
  4 jackals (D:2)
  A quokka (D:2)
  2 frilled lizards (D:1)
  6 kobolds
  7 rats
  A plant (D:1)
52 creatures vanquished.

Vanquished Creatures (others)
  A bat (D:1)
1 creature vanquished.

Grand Total: 53 creatures vanquished

Notes
Turn   | Place    | Note
-------+----------+-------------------------------------------
     0 | D:1      | Inarius the Demonspawn Hunter began the quest for the Orb.
     0 | D:1      | Reached XP level 1. HP: 16/16 MP: 1/1
   501 | D:1      | Gained mutation: You have sharp toenails. [demonic
                  | ancestry]
   501 | D:1      | Reached XP level 2. HP: 22/22 MP: 2/2
   564 | D:1      | Reached skill level 4 in Bows
  1251 | D:1      | Reached skill level 1 in Armour
  1436 | D:2      | Gained mutation: You have a pair of small antennae on your
                  | head. [demonic ancestry]
  1436 | D:2      | Reached XP level 3. HP: 27/27 MP: 0/3
  1555 | D:2      | Found a faded altar of an unknown god.
  1751 | D:2      | Reached XP level 4. HP: 13/33 MP: 1/4
  2578 | D:3      | Slain by an orc

Levels and vault maps discovered:
D:1:      ncdulo_smallfort, layout_loops_corners, serial_forest,
          infiniplex_forest_lined_2, infiniplex_forest_clump_double,
          infiniplex_forest_lined_corner, infiniplex_forest_zigzag_1,
          infiniplex_forest_lined_ring, infiniplex_forest_corner_1,
          nrook_campfire
D:2:      layout_loops_ring, chequers_ecumenical_altar_simple, kennysheep_nub,
          serial_bayou_ford_a
D:3:      layout_basic, serial_glass, glass_columns_a, glass_columns_b,
          first_ration, portal_sewer_entry_a, hangedman_glass_teeth

Skill      XL: |  1  2  3 |
---------------+----------+-----
Bows           | 4 |  4.8
Armour         | 1 |  1.4
Dodging        | 2 |  2.1
Fighting       | |  2.2
Short Blades   | |  0.5
Stealth        | |  0.8

Action                   |  1- 3 |  4- 6 || total
-------------------------+-------+-------++-------
Melee: Short sword       |   100 |       ||   100
       Kick              |    47 |     4 ||    51
       Dagger            |    47 |    25 ||    72
 Fire: Shortbow          |    48 |    23 ||    71
  Use: Scroll            |       |     2 ||     2
 Stab: Sleeping          |     1 |       ||     1
  Eat: Chunk             |     3 |     2 ||     5
Armor: Leather armour    |    20 |       ||    20
       Ring mail         |    39 |    11 ||    50
Dodge: Dodged            |   100 |    21 ||   121

Table legend:
 A = Non-vault XP
 B = Vault XP
 C = Vault XP percentage of total XP
 D = Non-vault monster count
 E = Vault monster count
 F = Vault count percentage of total count
                 A         B        C        D         E       F
            +---------+---------+-------+---------+---------+-------
      Total |     155 |       0 |   0.0 |      51 |       0 |   0.0
            +---------+---------+-------+---------+---------+-------
        D:1 |      37 |       0 |   0.0 |      22 |       0 |   0.0
        D:2 |      99 |       0 |   0.0 |      26 |       0 |   0.0
        D:3 |      19 |       0 |   0.0 |       3 |       0 |   0.0
            +---------+---------+-------+---------+---------+-------
